TOP OF THE 1ST |
Toronto Blue Jays batting - Pitching for Seattle Mariners : RHP Dylan Bundy
|
Pitching: RHP Dylan Bundy
|
|
Batting: LHB Dee Gordon
|
0-0: Called Strike 0-1: Fly out, F9 (Flyball, 9S)
|
Batting: RHB Elvis Andrus
|
0-0: Called Strike 0-1: Ball 1-1: Foul Ball, location: 2F 1-2: Foul Ball, location: 2F 1-2: Ball 2-2: Foul Ball, location: 2F 2-2: Ball 3-2: SINGLE (Groundball, 6MD)
|
Batting: RHB Andrew McCutchen
|
0-0: Ball 1-0: Called Strike 1-1: Ball 2-1: Ball 3-1: Fly out, F3 (Popup, 34S)
|
Batting: SHB Josh Bell
|
0-0: Called Strike 0-1: Ball 1-1: Swinging Strike 1-2: Ball 2-2: Strikes out swinging
|
Top of the 1st over - 0 runs, 1 hit, 0 errors, 1 left on base; Toronto 0 - Seattle 0 |
BOTTOM OF THE 1ST |
Seattle Mariners batting - Pitching for Toronto Blue Jays : RHP Kyle Gibson
|
Pitching: RHP Kyle Gibson
|
|
Batting: LHB Ben Revere
|
0-0: Ball 1-0: Called Strike 1-1: SINGLE (Groundball, 34D)
|
Batting: RHB Tyler O'Neill
|
0-0: Ball 1-0: Sac Bunt to P - play at first, batter OUT! 1-3 Ben Revere to second
|
Batting: RHB Kris Bryant
|
0-0: Called Strike 0-1: SINGLE (Groundball, 56D) Ben Revere to third Runner from 3rd tries for Home, SAFE, no throw by LF
|
Batting: RHB Manny Machado
|
Pickoff Throw to First - Out! 1-3 0-0: Ball 1-0: Ball 2-0: Ball 3-0: Fly out, F8 (Flyball, 8RXD)
|
Bottom of the 1st over - 1 run, 2 hits, 0 errors, 0 left on base; Toronto 0 - Seattle 1 |
TOP OF THE 2ND |
Toronto Blue Jays batting - Pitching for Seattle Mariners : RHP Dylan Bundy
|
Batting: LHB Carlos Gonzalez
|
0-0: Ball 1-0: SINGLE (Flyball, 9LS)
|
Batting: RHB Nicholas Castellanos
|
0-0: Swinging Strike 0-1: Called Strike 0-2: Ball 1-2: Ball 2-2: Strikes out swinging
|
Batting: RHB Jorge Soler
|
0-0: Swinging Strike 0-1: Ball 1-1: Ball 2-1: Swinging Strike 2-2: Strikes out swinging
|
Batting: SHB Billy Hamilton
|
0-0: Ball 1-0: Foul Ball, location: 2F 1-1: Swinging Strike 1-2: Foul Ball, location: 2F 1-2: Fly out, F8 (Line Drive, 8RM)
|
Top of the 2nd over - 0 runs, 1 hit, 0 errors, 1 left on base; Toronto 0 - Seattle 1 |
BOTTOM OF THE 2ND |
Seattle Mariners batting - Pitching for Toronto Blue Jays : RHP Kyle Gibson
|
Batting: RHB Yoenis Cespedes
|
0-0: Swinging Strike 0-1: Ball 1-1: Ball 2-1: Foul Ball, location: 2F 2-2: Ball 3-2: Strikes out looking
|
Batting: RHB Christian Villanueva
|
0-0: Ball 1-0: Foul Ball, location: 2F 1-1: Swinging Strike 1-2: Strikes out swinging
|
Batting: RHB Dustin Peterson
|
0-0: Ball 1-0: Ground out U3 (Groundball, 3)
|
Bottom of the 2nd over - 0 runs, 0 hits, 0 errors, 0 left on base; Toronto 0 - Seattle 1 |
TOP OF THE 3RD |
Toronto Blue Jays batting - Pitching for Seattle Mariners : RHP Dylan Bundy
|
Batting: RHB Austin Hedges
|
0-0: Ball 1-0: Fly out, F6 (Popup, 6S)
|
Batting: LHB Dee Gordon
|
0-0: Ball 1-0: Foul Ball, location: 2F 1-1: Foul Ball, location: 2F 1-2: SINGLE (Groundball, 4MD)
|
Batting: RHB Elvis Andrus
|
0-0: Called Strike 0-1: Ball 1-1: Ball 2-1: SINGLE (Line Drive, 56) Dee Gordon to second
|
Batting: RHB Andrew McCutchen
|
0-0: Fielders Choice at 2nd, 4-6 (Groundball, 4D) Dee Gordon to third
|
Batting: SHB Josh Bell
|
0-0: Called Strike 0-1: Foul Ball, location: 2F 0-2: Ground out 4-3 (Groundball, 34)
|
Top of the 3rd over - 0 runs, 2 hits, 0 errors, 2 left on base; Toronto 0 - Seattle 1 |
BOTTOM OF THE 3RD |
Seattle Mariners batting - Pitching for Toronto Blue Jays : RHP Kyle Gibson
|
Batting: RHB Willians Astudillo
|
0-0: Ball 1-0: Called Strike 1-1: Ball 2-1: Called Strike 2-2: Foul Ball, location: 2F 2-2: Foul Ball, location: 2F 2-2: Ball 3-2: Foul Ball, location: 2F 3-2: Foul Ball, location: 2F 3-2: Foul Ball, location: 2F 3-2: Foul Ball, location: 2F 3-2: SINGLE (Groundball, 34D)
|
Batting: LHB Drew Robinson
|
0-0: Ball 1-0: Swinging Strike 1-1: Ball 2-1: Foul Ball, location: 2F 2-2: Strikes out looking
|
Batting: LHB Ben Revere
|
0-0: Called Strike 0-1: Ball 1-1: Called Strike 1-2: Fly out, F2 (Popup, 25F)
|
Batting: RHB Tyler O'Neill
|
0-0: Ball 1-0: Ball 2-0: Foul Ball, location: 2F 2-1: SINGLE (Groundball, 56D) Willians Astudillo to second
|
Batting: RHB Kris Bryant
|
0-0: Foul Ball, location: 2F 0-1: Called Strike 0-2: Strikes out swinging
|
Bottom of the 3rd over - 0 runs, 2 hits, 0 errors, 2 left on base; Toronto 0 - Seattle 1 |
TOP OF THE 4TH |
Toronto Blue Jays batting - Pitching for Seattle Mariners : RHP Dylan Bundy
|
Batting: LHB Carlos Gonzalez
|
0-0: Fly out, F7 (Flyball, 78M)
|
Batting: RHB Nicholas Castellanos
|
0-0: Called Strike 0-1: Ball 1-1: Swinging Strike 1-2: Strikes out swinging
|
Batting: RHB Jorge Soler
|
0-0: Ball 1-0: Ball 2-0: SINGLE (Line Drive, 89M)
|
Batting: SHB Billy Hamilton
|
0-0: Ball 1-0: Ball 2-0: Ball 3-0: Base on Balls Jorge Soler to second
|
Batting: RHB Austin Hedges
|
0-0: Called Strike 0-1: Ball Wild Pitch! Jorge Soler to third Billy Hamilton to second 1-1: Ball 2-1: Foul Ball, location: 2F 2-2: Fly out, F7 (Flyball, 78D)
|
Top of the 4th over - 0 runs, 1 hit, 0 errors, 2 left on base; Toronto 0 - Seattle 1 |
BOTTOM OF THE 4TH |
Seattle Mariners batting - Pitching for Toronto Blue Jays : RHP Kyle Gibson
|
Batting: RHB Manny Machado
|
0-0: SINGLE (Line Drive, 56D)
|
Batting: RHB Yoenis Cespedes
|
0-0: Ball 1-0: Called Strike 1-1: Fly out, F9 (Line Drive, 9D)
|
Batting: RHB Christian Villanueva
|
0-0: Ball 1-0: Ball 2-0: Ball 3-0: Called Strike 3-1: 2-RUN HOME RUN (Flyball, 78XD), Distance : 391 ft
|
Batting: RHB Dustin Peterson
|
0-0: Called Strike 0-1: Called Strike 0-2: Strikes out swinging
|
Batting: RHB Willians Astudillo
|
0-0: Ball 1-0: Ball 2-0: Ground out 6-3 (Groundball, 6)
|
Bottom of the 4th over - 2 runs, 2 hits, 0 errors, 0 left on base; Toronto 0 - Seattle 3 |
TOP OF THE 5TH |
Toronto Blue Jays batting - Pitching for Seattle Mariners : RHP Dylan Bundy
|
Batting: LHB Dee Gordon
|
0-0: Ball 1-0: Bunt for hit to 25 - play at first, batter OUT! 5-3
|
Batting: RHB Elvis Andrus
|
0-0: Called Strike 0-1: Ball 1-1: Swinging Strike 1-2: Strikes out swinging
|
Batting: RHB Andrew McCutchen
|
0-0: Ball 1-0: Ball 2-0: Called Strike 2-1: Fly out, F9 (Flyball, 9S)
|
Top of the 5th over - 0 runs, 0 hits, 0 errors, 0 left on base; Toronto 0 - Seattle 3 |
BOTTOM OF THE 5TH |
Seattle Mariners batting - Pitching for Toronto Blue Jays : RHP Kyle Gibson
|
Batting: LHB Drew Robinson
|
0-0: Ball 1-0: Ball 2-0: Ground out 6-3 (Groundball, 4M)
|
Batting: LHB Ben Revere
|
0-0: Ball 1-0: Foul Ball, location: 2F 1-1: Ball 2-1: Ball 3-1: Ground out U3 (Groundball, 3S)
|
Batting: RHB Tyler O'Neill
|
0-0: SOLO HOME RUN (Line Drive, 9LD), Distance : 346 ft
|
Batting: RHB Kris Bryant
|
0-0: Called Strike 0-1: Called Strike 0-2: Ball 1-2: Foul Ball, location: 2F 1-2: Foul Ball, location: 2F 1-2: DOUBLE (Line Drive, 78D)
|
Pitching: RHP Danny Barnes
|
|
Batting: RHB Manny Machado
|
0-0: Ball 1-0: Ball 2-0: Ground out 6-3 (Groundball, 6S)
|
Bottom of the 5th over - 1 run, 2 hits, 0 errors, 1 left on base; Toronto 0 - Seattle 4 |
TOP OF THE 6TH |
Toronto Blue Jays batting - Pitching for Seattle Mariners : RHP Dylan Bundy
|
Pitching: RHP Alex Wilson
|
|
Batting: SHB Josh Bell
|
0-0: Fly out, F7 (Flyball, 7)
|
Batting: LHB Carlos Gonzalez
|
0-0: Called Strike 0-1: Called Strike 0-2: Ball 1-2: Foul Ball, location: 2F 1-2: Strikes out swinging
|
Batting: RHB Nicholas Castellanos
|
0-0: Ball 1-0: Ball 2-0: Ball 3-0: Base on Balls
|
Batting: RHB Jorge Soler
|
0-0: Ball 1-0: Ball 2-0: Ball 3-0: Base on Balls Nicholas Castellanos to second
|
Batting: SHB Billy Hamilton
|
0-0: Foul Ball, location: 2F 0-1: Foul Ball, location: 2F 0-2: Ball 1-2: Foul Ball, location: 2F 1-2: Ball 2-2: Ball 3-2: TRIPLE (Flyball, 89XD) Nicholas Castellanos scores Jorge Soler scores
|
Batting: RHB Austin Hedges
|
0-0: Ball 1-0: Called Strike 1-1: Called Strike 1-2: Foul Ball, location: 2F 1-2: Strikes out swinging
|
Top of the 6th over - 2 runs, 1 hit, 0 errors, 1 left on base; Toronto 2 - Seattle 4 |
BOTTOM OF THE 6TH |
Seattle Mariners batting - Pitching for Toronto Blue Jays : RHP Danny Barnes
|
Batting: RHB Yoenis Cespedes
|
0-0: Called Strike 0-1: Ball 1-1: Called Strike 1-2: SINGLE (Line Drive, 6M)
|
Batting: RHB Christian Villanueva
|
0-0: Fly out, F8 (Flyball, 8RD)
|
Batting: RHB Dustin Peterson
|
0-0: Ball 1-0: Called Strike 1-1: Ball 2-1: Fly out, F4 (Popup, 34)
|
Batting: RHB Willians Astudillo
|
0-0: Fly out, F9 (Line Drive, 9)
|
Bottom of the 6th over - 0 runs, 1 hit, 0 errors, 1 left on base; Toronto 2 - Seattle 4 |
TOP OF THE 7TH |
Toronto Blue Jays batting - Pitching for Seattle Mariners : RHP Alex Wilson
|
Pitching: RHP Shawn Tolleson
|
|
Batting: LHB Dee Gordon
|
0-0: Ball 1-0: Ball 2-0: Ball 3-0: Ground out 4-3 (Groundball, 4)
|
Batting: RHB Elvis Andrus
|
0-0: SINGLE (Groundball, 56D)
|
Batting: RHB Andrew McCutchen
|
0-0: Called Strike Elvis Andrus is caught stealing 2nd base 2-4 0-1: Ball 1-1: Called Strike 1-2: Ball 2-2: Foul Ball, location: 2F 2-2: Ball 3-2: SINGLE (Groundball, 34D)
|
Batting: SHB Josh Bell
|
0-0: Called Strike 0-1: Ball 1-1: Ground out 6-3 (Groundball, 4S)
|
Top of the 7th over - 0 runs, 2 hits, 0 errors, 1 left on base; Toronto 2 - Seattle 4 |
BOTTOM OF THE 7TH |
Seattle Mariners batting - Pitching for Toronto Blue Jays : RHP Danny Barnes
|
Batting: LHB Drew Robinson
|
0-0: Ball 1-0: Ball 2-0: Swinging Strike 2-1: Called Strike 2-2: Strikes out looking
|
Batting: LHB Ben Revere
|
0-0: Ball 1-0: Ball 2-0: Called Strike 2-1: Fly out, F3 (Popup, 3SF)
|
Batting: RHB Tyler O'Neill
|
0-0: SINGLE (Line Drive, 6MD)
|
Batting: RHB Kris Bryant
|
0-0: Called Strike Tyler O'Neill steals 2nd base 0-1: Ball 1-1: Foul Ball, location: 2F 1-2: Ground out 4-3 (Groundball, 4)
|
Bottom of the 7th over - 0 runs, 1 hit, 0 errors, 1 left on base; Toronto 2 - Seattle 4 |
TOP OF THE 8TH |
Toronto Blue Jays batting - Pitching for Seattle Mariners : RHP Shawn Tolleson
|
Pitching: RHP Kevin McCarthy
|
|
Batting: LHB Carlos Gonzalez
|
0-0: Foul Ball, location: 2F 0-1: Ground out 5-3 (Groundball, 6)
|
Batting: RHB Nicholas Castellanos
|
0-0: Ball 1-0: Called Strike 1-1: Foul Ball, location: 2F 1-2: Strikes out looking
|
Batting: RHB Jorge Soler
|
0-0: Ball 1-0: Called Strike 1-1: Ball 2-1: Foul Ball, location: 2F 2-2: Strikes out looking
|
Top of the 8th over - 0 runs, 0 hits, 0 errors, 0 left on base; Toronto 2 - Seattle 4 |
BOTTOM OF THE 8TH |
Seattle Mariners batting - Pitching for Toronto Blue Jays : RHP Danny Barnes
|
Pitching: LHP Jake Diekman
|
|
Batting: RHB Manny Machado
|
0-0: Called Strike 0-1: Ball 1-1: Ball 2-1: Foul Ball, location: 2F 2-2: Foul Ball, location: 2F 2-2: Ground out 1-3 (Groundball, 15S)
|
Batting: RHB Yoenis Cespedes
|
0-0: Swinging Strike 0-1: Foul Ball, location: 2F 0-2: Strikes out swinging
|
Batting: RHB Christian Villanueva
|
0-0: Foul Ball, location: 2F 0-1: Called Strike 0-2: Ball 1-2: Strikes out swinging
|
Bottom of the 8th over - 0 runs, 0 hits, 0 errors, 0 left on base; Toronto 2 - Seattle 4 |
TOP OF THE 9TH |
Toronto Blue Jays batting - Pitching for Seattle Mariners : RHP Kevin McCarthy
|
Pitching: RHP Ryan Williams
|
|
Batting: SHB Billy Hamilton
|
0-0: SINGLE (Line Drive, 5D)
|
Batting: RHB Austin Hedges
|
0-0: Called Strike 0-1: Foul Ball, location: 2F 0-2: SINGLE (Groundball, 6D) Billy Hamilton to second
|
Batting: LHB Dee Gordon
|
0-0: Ball 1-0: Called Strike 1-1: SINGLE (Line Drive, 6M) Billy Hamilton to third Austin Hedges to second
|
Batting: RHB Elvis Andrus
|
0-0: SINGLE (Line Drive, 3D) Billy Hamilton scores Austin Hedges to third Dee Gordon to second
|
Batting: RHB Andrew McCutchen
|
0-0: Swinging Strike 0-1: Called Strike 0-2: Ball 1-2: Ball 2-2: Ball 3-2: DOUBLE (Line Drive, 3D) Austin Hedges scores Dee Gordon scores Elvis Andrus to third Runner from 3rd tries for Home, SAFE, no throw by RF
|
Pitching: RHP Tim Lincecum
|
|
Batting: SHB Josh Bell
|
0-0: Foul Ball, location: 2F 0-1: Swinging Strike 0-2: Foul Ball, location: 2F 0-2: Ball 1-2: Strikes out looking
|
Batting: LHB Carlos Gonzalez
|
0-0: Intentional Walk
|
Batting: RHB Nicholas Castellanos
|
0-0: Foul Ball, location: 2F 0-1: Fly out, F6 (Popup, 6M)
|
Batting: RHB Jorge Soler
|
0-0: Foul Ball, location: 2F 0-1: Fly out, F6 (Popup, 6M)
|
Top of the 9th over - 4 runs, 5 hits, 0 errors, 2 left on base; Toronto 6 - Seattle 4 |
BOTTOM OF THE 9TH |
Seattle Mariners batting - Pitching for Toronto Blue Jays : LHP Jake Diekman
|
Pitching: RHP Dellin Betances
|
|
Batting: RHB Dustin Peterson
|
0-0: Called Strike 0-1: Ball 1-1: Swinging Strike 1-2: Ball 2-2: Ball 3-2: Foul Ball, location: 2F 3-2: Foul Ball, location: 2F 3-2: Strikes out swinging
|
Batting: RHB Willians Astudillo
|
0-0: Foul Ball, location: 2F 0-1: Ball 1-1: SINGLE (Groundball, 34D)
|
Batting: LHB Drew Robinson
|
0-0: Fly out, F8 (Flyball, 8LM)
|
Batting: LHB Ben Revere
|
0-0: Ball 1-0: Fielders Choice at 2nd, U6 (Groundball, 6M)
|
Bottom of the 9th over - 0 runs, 1 hit, 0 errors, 1 left on base; Toronto 6 - Seattle 4 |
|